Map: Echo LE (Void)

Players

Arianity

  • Race: Zerg Zerg

Nathanias - Winner!

  • Race: Terran Terran

VOD

Have the link to the VOD?

Description

Time

  • Played on: April 19, 2015, 7:21 p.m.
  • Length: 30:45
Show
View Real Time Build Order
Export as new Build Order

Arianity Zerg 

Build Orders: Hatch First, Hydra Corruptor 

Get SALT Encoding   

  12  0:01  Drone  
  13  0:12  Overlord  
  13  0:25  Drone  
  14  0:30  Drone  
  14  0:31  Drone  
  16  0:36  Drone  
  17  0:51  Hatchery  
  16  1:05  Spawning Pool  
  16  1:09  Extractor  
  14  1:12  Drone  
  14  1:13  Drone  
  14  1:16  Drone  
  17  1:23  Drone  
  18  1:34  Drone  
  19  1:45  Drone  
  20  1:51  Queen  
  22  2:03  Queen  
  22  2:04  Drone x2  
  22  2:07  Overlord  
  26  2:13  Metabolic Boost  
  26  2:17  Zergling x2  
  26  2:18  Zergling x2  
  28  2:30  Spore Crawler  
  28  2:34  Zergling x4  
  28  2:47  Zergling x6  
  28  2:50  Queen  
  33  2:51  Drone, Queen  
  35  3:00  Zergling x2  
  35  3:01  Overlord  
  35  3:09  Overlord  
  35  3:14  Overlord  
  34  3:20  Zergling x2  
  34  3:21  Zergling x6  
  37  3:35  Drone  
  37  3:36  Drone x4  
  42  3:49  Drone x2  
  44  4:00  Drone  
  44  4:02  Hatchery  
  42  4:18  Zergling x2  
  42  4:19  Zergling x16  
  48  4:28  Zergling x8  
  49  4:39  Roach Warren  
  49  4:40  Drone x2, Extractor  
  49  4:41  Extractor  
  49  4:45  Drone x2  
  50  4:57  Drone x2  
  51  5:04  Drone x4  
  55  5:07  Lair  
  55  5:13  Evolution Chamber  
  54  5:14  Evolution Chamber  
  54  5:15  Drone x2  
  55  5:23  Drone  
  55  5:24  Drone x3  
  59  5:29  Overlord  
  59  5:33  Drone x2, Extractor  
  60  5:43  Drone x5  
  65  5:51  Drone x4  
  69  6:06  Drone  
  69  6:07  Drone x2  
  69  6:10  Hatchery  
  71  6:11  Infestation Pit  
  70  6:25  Overlord x4  
  70  6:30  Overlord x2  
  70  6:32  Glial Reconstitution  
  70  6:35  Zerg Missile Weapons Level 1  
  70  6:38  Overlord  
  70  6:45  Roach x4  
  72  6:55  Zergling x14  
  72  7:00  Roach x2  
  77  7:07  Zergling x8  
  77  7:08  Zergling x4  
  83  7:13  Overseer  
  83  7:18  Overseer  
  83  7:22  Drone x3  
  84  7:24  Drone x3  
  84  7:29  Overseer  
  84  7:33  Drone  
  84  7:34  Drone x4  
  89  7:39  Queen  
  89  7:41  Drone  
  90  7:47  Pathogen Glands  
  90  7:50  Drone x2  
  92  8:01  Drone x4  
  92  8:02  Drone x2  
  98  8:15  Drone  
  98  8:16  Drone x4  
  97  8:34  Roach x4  
  98  8:42  Extractor  
  98  8:43  Extractor  
  96  8:50  Queen  
  96  8:53  Roach x7  
  96  8:55  Hatchery, Extractor  
  111  9:00  Spire, Extractor  
  108  9:04  Zerg Missile Weapons Level 2  
  108  9:05  Extractor  
  108  9:06  Roach x3  
  108  9:07  Drone  
  108  9:09  Extractor  
  113  9:11  Drone  
  113  9:12  Drone x2  
  116  9:28  Zerg Ground Armor Level 1  
  116  9:29  Overlord x4  
  116  9:39  Spine Crawler  
  116  9:40  Spine Crawler x2  
  116  9:45  Hydralisk Den  
  112  9:56  Infestor x3  
  112  9:57  Infestor x2  
  122  10:08  Infestor x2  
  126  10:16  Muscular Augments  
  126  10:19  Drone x2  
  126  10:20  Drone x11  
  139  10:33  Hydralisk x4  
  147  10:44  Hydralisk  
  147  10:45  Hydralisk x3  
  155  10:56  Hive  
  155  11:07  Hydralisk x2  
  155  11:08  Hydralisk x3  
  165  11:25  Pneumatized Carapace  
  165  11:27  Zerg Ground Armor Level 2  
  165  11:29  Overlord x2  
  165  11:30  Overlord x4  
  165  11:39  Drone x6  
  166  11:40  Drone x2  
  166  11:44  Extractor  
  165  11:48  Spine Crawler  
  165  11:50  Spine Crawler  
  160  11:55  Drone x4  
  160  11:56  Drone x6  
  169  12:03  Hydralisk  
  169  12:04  Hydralisk x2  
  161  12:14  Drone  
  161  12:15  Drone x4  
  164  12:26  Drone  
  165  12:32  Hatchery, Viper x3  
  173  12:43  Spine Crawler  
  168  12:44  Spine Crawler  
  168  12:45  Spine Crawler  
  168  12:46  Spine Crawler  
  168  12:48  Drone x7  
  159  13:06  Overseer  
  158  13:17  Drone x10  
  158  13:18  Lurker Den  
  168  13:24  Zerg Missile Weapons Level 3  
  166  13:35  Drone  
  166  13:36  Drone x7  
  168  13:46  Hatchery  
  159  13:49  Drone  
  159  13:50  Drone x7  
  159  13:51  Extractor  
  159  13:55  Spine Crawler  
  164  13:56  Hydralisk  
  164  13:57  Spine Crawler, Hydralisk x3  
  164  14:02  Drone x4  
  175  14:03  Drone  
  175  14:07  Zerg Flyer Weapons Level 1  
  175  14:09  Hydralisk  
  176  14:12  Drone  
  176  14:13  Drone x2  
  172  14:24  Drone  
  172  14:25  Drone x6  
  177  15:00  Hydralisk x7  
  177  15:01  Hydralisk x4  
  191  15:15  Hydralisk  
  191  15:16  Hydralisk x6  
  191  15:19  Lurker x11  
  191  15:20  Lurker  
  196  15:27  Roach x3  
  195  15:45  Drone x6  
  195  15:46  Drone x5  
  187  16:01  Drone x2  
  187  16:02  Drone x5  
  193  16:06  Spine Crawler  
  193  16:07  Spine Crawler  
  191  16:13  Roach  
  191  16:14  Roach x3  
  198  16:21  Greater Spire  
  198  16:22  Zerg Ground Armor Level 3  
  190  16:39  Viper x4  
  179  16:47  Drone  
  179  16:48  Drone x3  
  177  17:00  Roach  
  177  17:01  Roach x10  
  197  17:17  Hatchery  
  197  17:21  Drone x10  
  186  17:24  Drone  
  186  17:25  Drone x4  
  188  17:34  Drone  
  188  17:35  Drone x3  
  192  17:43  Spine Crawler  
  191  17:45  Spine Crawler  
  191  17:47  Spine Crawler  
  189  17:57  Overlord x4  
  189  17:58  Overlord  
  189  18:00  Flying Locusts  
  179  18:17  Hydralisk x10  
  197  18:36  Hydralisk  
  199  18:46  Spore Crawler x2  
  199  18:47  Spore Crawler  
  196  18:55  Hydralisk  
  196  18:56  Hydralisk  
  196  18:58  Spore Crawler  
  196  18:59  Spore Crawler  
  196  19:00  Spore Crawler  
  191  19:08  Hydralisk  
  191  19:09  Hydralisk x6  
  199  19:26  Spore Crawler, Hydralisk  
  199  19:27  Spore Crawler  
  197  19:44  Hydralisk x6  
  196  19:57  Spine Crawler  
  196  19:58  Spine Crawler  
  196  19:59  Spine Crawler  
  193  20:00  Extractor  
  193  20:01  Zerg Flyer Armor Level 1, Extractor  
  191  20:19  Viper x3  
  200  20:21  Spore Crawler  
  200  20:23  Spore Crawler x2  
  200  20:24  Spine Crawler  
  200  20:25  Spine Crawler  
  200  20:27  Spine Crawler  
  200  20:28  Spine Crawler  
  193  20:46  Evolution Chamber  
  193  20:47  Evolution Chamber  
  191  21:04  Swarm Host x2  
  199  21:11  Spore Crawler x2  
  197  21:21  Spore Crawler  
  197  21:22  Spore Crawler  
  197  21:25  Spore Crawler  
  194  21:26  Spore Crawler  
  185  21:33  Spore Crawler  
  166  21:42  Drone  
  166  21:43  Drone x4  
  166  21:46  Extractor  
  162  21:55  Zerg Flyer Weapons Level 2  
  160  22:12  Corruptor x2  
  160  22:13  Corruptor x3  
  170  22:17  Hydralisk  
  170  22:18  Hydralisk x9  
  187  23:03  Hydralisk x3  
  187  23:04  Hydralisk  
  158  23:19  Corruptor x8  
  157  23:22  Corruptor  
  157  23:23  Corruptor  
  153  23:29  Corruptor  
  155  23:47  Corruptor  
  151  23:57  Hydralisk  
  151  23:58  Hydralisk x2  
  156  24:32  Hatchery  
  149  24:40  Corruptor x2  
  149  24:44  Zergling x32  
  161  25:08  Extractor  
  161  25:10  Extractor  
  157  25:16  Zergling x20  
  160  25:28  Drone x3  
  156  26:16  Drone  
  156  26:17  Drone  
  152  26:42  Drone  
  152  26:43  Drone x2  
  146  27:25  Hatchery  
  146  27:28  Zerg Flyer Armor Level 2  
  144  28:05  Drone x8  
  152  28:19  Spore Crawler  
  145  28:47  Hydralisk x2  
  136  29:10  Drone x5  
  129  29:17  Drone x2  
Show
View Real Time Build Order
Export as new Build Order

Nathanias Terran - Winner!

Build Orders: Reaper Expand 

Get SALT Encoding   

  12  0:01  SCV  
  13  0:13  SCV  
  14  0:17  Supply Depot  
  14  0:25  SCV  
  15  0:39  SCV  
  15  0:40  Barracks  
  16  0:45  Refinery  
  16  0:56  Barracks  
  16  0:58  SCV  
  17  1:10  SCV  
  18  1:28  Orbital Command  
  18  1:29  Reaper  
  19  1:46  Reaper  
  20  1:59  Command Center  
  20  2:04  Reaper  
  21  2:09  SCV  
  21  2:11  Supply Depot  
  22  2:21  Reaper  
  23  2:33  SCV  
  24  2:41  Marine  
  25  2:45  SCV  
  26  2:53  Reaper  
  26  2:57  SCV  
  28  3:01  Command Center  
  28  3:06  Reaper  
  28  3:09  SCV, Supply Depot  
  28  3:11  Refinery  
  31  3:21  SCV  
  31  3:25  Orbital Command  
  31  3:33  SCV  
  31  3:41  Supply Depot  
  31  3:45  SCV  
  31  3:48  Factory  
  32  3:57  SCV  
  33  4:04  Bunker  
  33  4:07  SCV  
  34  4:11  SCV, Bunker  
  34  4:16  Marine  
  34  4:17  SCV  
  34  4:19  SCV, Barracks Reactor  
  34  4:23  SCV  
  36  4:27  Supply Depot  
  36  4:31  SCV, Orbital Command  
  33  4:35  Barracks Tech Lab  
  34  4:41  Starport  
  34  4:48  SCV x2  
  36  4:57  SCV  
  37  5:00  SCV x2  
  39  5:09  SCV  
  39  5:11  Hellion x2  
  39  5:13  Armory  
  44  5:15  Armory, Refinery, SCV x2  
  44  5:17  Refinery  
  46  5:24  Banshee  
  46  5:27  SCV  
  50  5:28  Cloaking Field  
  50  5:30  SCV  
  50  5:32  SCV  
  52  5:39  SCV, Hellion x2  
  52  5:42  SCV  
  58  5:44  SCV, Supply Depot  
  59  5:51  SCV  
  59  5:52  Missile Turret  
  59  5:53  Missile Turret  
  59  5:54  Missile Turret  
  59  5:56  SCV  
  61  5:57  Missile Turret x2  
  61  5:58  Missile Turret  
  61  6:00  Hellion  
  61  6:02  Hellion  
  65  6:05  SCV  
  65  6:09  SCV  
  65  6:10  SCV  
  68  6:13  Terran Vehicle and Ship Weapons Level 1  
  68  6:15  Terran Vehicle And Ship Armor Level 1  
  68  6:21  Banshee  
  71  6:32  SCV x2  
  73  6:33  Orbital Command  
  73  6:38  Missile Turret  
  73  6:44  SCV x2  
  73  6:45  Hellion x2  
  72  7:05  SCV  
  72  7:06  SCV, Hellion x2, Factory x2  
  72  7:08  Missile Turret  
  74  7:16  SCV  
  74  7:19  SCV  
  74  7:27  Hellion  
  74  7:28  SCV, Hellion  
  76  7:32  SCV x2  
  74  7:38  Banshee  
  74  7:40  SCV  
  78  7:44  SCV x2  
  78  7:49  Hellion  
  82  7:52  SCV  
  82  7:53  Supply Depot  
  82  7:54  Supply Depot, Refinery  
  82  7:56  Refinery  
  83  7:59  Factory Tech Lab x2  
  83  8:11  Terran Vehicle and Ship Weapons Level 2  
  83  8:12  Terran Vehicle And Ship Armor Level 2  
  83  8:14  Hellion x2  
  93  8:27  Siege Tank x2  
  89  8:40  Hellion  
  89  8:41  Hellion  
  91  8:44  Missile Turret  
  91  8:45  Factory, Missile Turret  
  91  8:48  Factory  
  91  8:49  Missile Turret  
  91  8:50  Missile Turret x2  
  91  8:51  Missile Turret  
  91  8:52  Missile Turret  
  91  8:53  Missile Turret x2  
  91  8:54  Missile Turret, Infernal Pre-Igniter  
  91  8:55  Engineering Bay  
  91  8:56  Missile Turret  
  91  9:04  Cyclone x2  
  91  9:06  Hellion x2  
  101  9:15  Supply Depot  
  101  9:19  Banshee  
  101  9:22  Fusion Core  
  104  9:32  Factory Reactor  
  104  9:33  Factory Tech Lab  
  104  9:39  Command Center  
  104  9:40  Cyclone x2  
  112  9:50  Supply Depot  
  112  9:52  Missile Turret  
  114  9:53  Missile Turret  
  114  9:54  Building Armor, Missile Turret  
  114  9:55  Missile Turret  
  114  9:57  Thor  
  116  10:02  Supply Depot  
  116  10:04  Missile Turret  
  116  10:09  Hyperflight Rotors  
  116  10:12  Hellion x2, Raven  
  122  10:21  Siege Tank  
  122  10:24  Hellion x2, Siege Tank  
  132  10:35  Sensor Tower  
  132  10:43  Behemoth Reactor  
  132  10:44  Hellion x2  
  132  10:47  Starport  
  132  10:48  Starport  
  136  11:06  Siege Tank  
  136  11:07  Siege Tank x2  
  145  11:15  Command Center, Supply Depot  
  145  11:30  Starport Reactor, Starport Tech Lab  
  145  11:32  Refinery  
  145  11:34  Planetary Fortress  
  145  11:35  Missile Turret  
  145  11:37  Refinery  
  145  11:38  Missile Turret  
  141  11:58  Raven x2  
  133  12:19  Terran Vehicle And Ship Armor Level 3, Terran Vehicle and Ship Weapons Level 3  
  133  12:20  Viking  
  135  12:23  Hellion x3  
  135  12:24  Hellion x4  
  135  12:27  Refinery  
  149  12:44  Raven x2  
  147  13:07  Viking x2  
  151  13:15  Command Center, Planetary Fortress  
  151  13:19  Command Center  
  151  13:24  Command Center  
  151  13:29  Raven x2  
  151  13:31  Hellion x5  
  151  13:32  Hellion x2  
  160  13:56  Siege Tank x2  
  160  13:57  Hellion x2, Siege Tank  
  160  13:58  Hellion x2  
  175  14:27  Hellion  
  175  14:28  Hellion x2  
  175  14:30  Supply Depot  
  175  14:41  Starport  
  175  14:42  Viking x2, Starport  
  175  14:43  Viking x2  
  183  14:51  Hellion x8  
  175  15:09  Hellion x3  
  181  15:22  Battlecruiser x2  
  193  15:32  Orbital Command x2  
  193  15:34  Starport Tech Lab, Orbital Command  
  193  15:35  Starport Reactor  
  187  15:50  Viking x2  
  189  16:01  Hellion x11  
  189  16:02  Hellion x2  
  181  16:22  Battlecruiser  
  187  16:27  Battlecruiser  
  179  16:45  Viking x2  
  179  16:46  Viking x2  
  172  16:47  Hellion x7  
  181  17:08  Hellion  
  173  17:27  Orbital Command  
  156  17:33  Battlecruiser x2  
  164  17:40  Hellion x3  
  137  18:41  Refinery  
  137  18:42  Battlecruiser x2, Viking, Refinery  
  137  18:43  Hellion x5  
  161  18:56  Orbital Command  
  143  19:23  Missile Turret  
  138  19:35  Orbital Command  
  114  19:54  Siege Tank x3, Hellbat  
  114  19:55  Hellbat x3  
  131  20:00  Refinery  
  131  20:03  Refinery  
  131  20:27  Siege Tank x2  
  131  20:28  Siege Tank, Hellbat x4  
  145  20:32  Orbital Command  
  148  20:38  Missile Turret  
  148  20:40  Missile Turret x3  
  148  21:09  Siege Tank x2  
  148  21:10  Hellbat x3  
  160  21:12  Hellbat  
  160  21:13  Refinery  
  160  21:15  Refinery  
  156  21:54  Viking x4  
  138  22:28  Viking x3  
  125  22:40  Siege Tank x2, Hellbat  
  125  22:41  Hellion x2  
  124  23:08  Command Center  
  107  23:19  Siege Tank x2  
  97  23:20  Hellbat x2  
  88  23:28  Siege Tank  
  88  23:29  Hellbat x2  
  95  23:39  Hellion x2  
  89  23:51  Siege Tank  
  89  23:52  Hellbat x4  
  89  23:53  Siege Tank  
  103  24:07  Viking x2  
  103  24:09  Siege Tank  
  109  24:13  Hellion x2  
  107  24:23  Siege Tank  
  110  24:28  Orbital Command  
  90  24:40  Hellion x2  
  90  24:42  Hellion x2, Siege Tank  
  59  24:56  Hellion x2  
  63  25:07  Siege Tank  
  63  25:08  Hellion x2  
  65  25:26  Planetary Fortress  
  65  25:29  Hellion x2  
  59  25:36  Hellion x4  
  64  25:56  Orbital Command  
  60  26:32  Siege Tank x2  
  66  26:36  Siege Tank  
  66  26:37  Hellion  
  63  26:58  Missile Turret  
  63  26:59  Missile Turret  
  63  27:05  Siege Tank  
  66  27:10  Hellion x2  
  66  27:16  Banshee  
  69  27:34  Hellion x3  
  69  27:35  Hellion  
  77  27:47  Siege Tank  
  76  28:04  Banshee, Orbital Command  
  77  28:22  Hellion x6  
  77  28:23  Hellion  
  91  28:35  Orbital Command  
  89  28:42  Banshee  
  85  29:28  Siege Tank x2  
  85  29:29  Hellion x4  
  87  30:04  Siege Tank  
  87  30:05  Siege Tank, Hellbat x3  
  91  30:14  Missile Turret  
  88  30:30  Missile Turret  
Tags
 
Add a new tag
Caveats
  • Supply blocks, unpowered buildings, or Contaminate may cause inaccurate times.
  • Supply counts are checked every 10 seconds.